MID
CLINTON LUMBERKINGS @ WEST MICHIGAN WHITECAPS
08/10/2047
 
TOP OF THE 1ST
Clinton LumberKings batting - Pitching for West Michigan Whitecaps : RHP Dale Gilbert
Pitching: RHP Dale Gilbert
Batting: RHB Julian Gregory 0-0: Ball
1-0: Ball
2-0: Foul Ball, location: 2F
2-1: Ball
3-1: TRIPLE (Line Drive, 78XD, EV 105.6 MPH)
Batting: RHB Ching-hsia Zhang 0-0: Ball
1-0: Swinging Strike
1-1: Ball
2-1: Ball
3-1: Foul Ball, location: 2F
3-2: Base on Balls
Batting: RHB Adan Lake 0-0: Called Strike
Ching-hsia Zhang steals 2nd base
0-1: Swinging Strike
0-2: Foul Ball, location: 2F
0-2: Strikes out swinging
Batting: LHB Jason Kinney 0-0: Foul Ball, location: 2F
0-1: Ball
1-1: SINGLE (Flyball, 34D, EV 88.8 MPH)
Julian Gregory scores
Ching-hsia Zhang to third
Batting: RHB Hideo Okimura 0-0: Ball
1-0: Called Strike
1-1: Foul Ball, location: 2F
1-2: SINGLE (Groundball, 5D, EV 94.4 MPH)
Ching-hsia Zhang scores
Jason Kinney to second
Batting: RHB Heihachiro Fujita 0-0: Swinging Strike
0-1: Swinging Strike
0-2: Strikes out swinging
Batting: RHB Doug Carter 0-0: Called Strike
0-1: Called Strike
0-2: Ball
1-2: Ball
2-2: Strikes out swinging
Top of the 1st over - 2 runs, 3 hits, 0 errors, 2 left on base; Clinton 2 - West Michigan 0
BOTTOM OF THE 1ST
West Michigan Whitecaps batting - Pitching for Clinton LumberKings : RHP Frank Kats
Pitching: RHP Frank Kats
Batting: SHB Willie Medina 0-0: Called Strike
0-1: SINGLE (Groundball, 6MD, EV 108.1 MPH)
Batting: RHB Scott Carr 0-0: Foul Ball, location: 2F
0-1: Swinging Strike
0-2: Ball
1-2: Foul Ball, location: 2F
1-2: Ball
2-2: Foul Ball, location: 2F
2-2: Strikes out looking
Batting: LHB Dave Carlisle 0-0: Ball
1-0: Ball
2-0: Foul Ball, location: 2F
2-1: Ball
3-1: DOUBLE (Line Drive, 78D, EV 115.0 MPH)
Willie Medina to third
Batting: LHB Jamie Christian 0-0: Called Strike
0-1: Called Strike
0-2: Foul Ball, location: 2F
0-2: Foul Ball, location: 2F
0-2: Ball
1-2: Strikes out swinging
Batting: LHB Brad Gaskill 0-0: Ball
1-0: Ball
2-0: Called Strike
2-1: Ground out 3-1 (Groundball, 34, EV 89.4 MPH)
Bottom of the 1st over - 0 runs, 2 hits, 0 errors, 2 left on base; Clinton 2 - West Michigan 0
TOP OF THE 2ND
Clinton LumberKings batting - Pitching for West Michigan Whitecaps : RHP Dale Gilbert
Batting: RHB Egidius Kruger 0-0: Foul Ball, location: 2F
0-1: Swinging Strike
0-2: Strikes out swinging
Batting: RHB David Greene 0-0: Ball
1-0: Foul Ball, location: 2F
1-1: Foul Ball, location: 2F
1-2: Ground out 6-3 (Groundball, 6, EV 105.6 MPH)
Batting: RHB Julian Gregory 0-0: Called Strike
0-1: Ball
1-1: Ball
2-1: Swinging Strike
2-2: Foul Ball, location: 2F
2-2: Strikes out swinging
Top of the 2nd over - 0 runs, 0 hits, 0 errors, 0 left on base; Clinton 2 - West Michigan 0
BOTTOM OF THE 2ND
West Michigan Whitecaps batting - Pitching for Clinton LumberKings : RHP Frank Kats
Batting: RHB German Quiroga 0-0: Foul Ball, location: 2F
0-1: SOLO HOME RUN (Flyball, 7D, EV 100.6 MPH), Distance : 387 ft
Batting: RHB Joe Zimmerman 0-0: Called Strike
0-1: Ball
1-1: Foul Ball, location: 2F
1-2: Ball
2-2: Strikes out swinging
Batting: LHB Steve Herrera 0-0: Foul Ball, location: 2F
0-1: Foul Ball, location: 2F
0-2: Ball
1-2: Ball
2-2: Ball
3-2: Base on Balls
Batting: RHB Yaremka Rzhevsky 0-0: Swinging Strike
0-1: Ball
1-1: Ball
2-1: Swinging Strike
2-2: Fly out, F7 (Flyball, 78M, EV 91.9 MPH)
Batting: SHB Willie Medina 0-0: SINGLE (Groundball, 6M, EV 105.6 MPH) (infield hit)
Steve Herrera to second
Batting: RHB Scott Carr 0-0: Swinging Strike
0-1: Foul Ball, location: 2F
0-2: Ball
1-2: Foul Ball, location: 2F
1-2: SINGLE (Flyball, 9LS, EV 92.5 MPH)
Steve Herrera to third
Willie Medina to second
Runner from 3rd tries for Home, SAFE, throw by RF to home
Batting: LHB Dave Carlisle 0-0: Ball
Wild Pitch!
Willie Medina to third
Scott Carr to second
1-0: Ball
2-0: Ball
3-0: Called Strike
3-1: Base on Balls
Batting: LHB Jamie Christian 0-0: Swinging Strike
0-1: Ball
1-1: Ball
2-1: Foul Ball, location: 2F
2-2: Ball
Wild Pitch!
Willie Medina scores
Scott Carr to third
Dave Carlisle to second
3-2: Strikes out swinging
Bottom of the 2nd over - 3 runs, 3 hits, 0 errors, 2 left on base; Clinton 2 - West Michigan 3
TOP OF THE 3RD
Clinton LumberKings batting - Pitching for West Michigan Whitecaps : RHP Dale Gilbert
Batting: RHB Ching-hsia Zhang 0-0: Ball
1-0: Ground out 1-3 (Groundball, 13, EV 65.6 MPH)
Batting: RHB Adan Lake 0-0: Foul Ball, location: 2F
0-1: Fly out, F6 (Line Drive, 6, EV 63.1 MPH)
Batting: LHB Jason Kinney 0-0: Called Strike
0-1: Ball
1-1: Foul Ball, location: 2F
1-2: Foul Ball, location: 2F
1-2: Ball
2-2: Foul Ball, location: 2F
2-2: Strikes out swinging
Top of the 3rd over - 0 runs, 0 hits, 0 errors, 0 left on base; Clinton 2 - West Michigan 3
BOTTOM OF THE 3RD
West Michigan Whitecaps batting - Pitching for Clinton LumberKings : RHP Frank Kats
Batting: LHB Brad Gaskill 0-0: Called Strike
0-1: Ball
1-1: Swinging Strike
1-2: Strikes out looking
Batting: RHB German Quiroga 0-0: DOUBLE (Flyball, 89XD, EV 105.0 MPH)
Batting: RHB Joe Zimmerman 0-0: Ball
1-0: DOUBLE (Flyball, 89XD, EV 110.0 MPH)
German Quiroga scores
Batting: LHB Steve Herrera 0-0: SINGLE (Groundball, 6MD, EV 97.5 MPH)
Joe Zimmerman to third
Batting: RHB Yaremka Rzhevsky 0-0: Fly out, F7 (Flyball, 7S, EV 89.4 MPH)
Batting: SHB Willie Medina 0-0: Ball
1-0: Foul Ball, location: 2F
1-1: SINGLE (Groundball, 56D, EV 98.8 MPH)
Joe Zimmerman scores
Steve Herrera to second
Pitching: RHP Ramon Pedroza
Batting: RHB Scott Carr 0-0: Ground out 5-3 (Groundball, 56S, EV 79.4 MPH)
Bottom of the 3rd over - 2 runs, 4 hits, 0 errors, 2 left on base; Clinton 2 - West Michigan 5
TOP OF THE 4TH
Clinton LumberKings batting - Pitching for West Michigan Whitecaps : RHP Dale Gilbert
Batting: RHB Hideo Okimura 0-0: Ball
1-0: Ball
2-0: Ball
3-0: Called Strike
3-1: Called Strike
3-2: Foul Ball, location: 2F
3-2: SINGLE (Groundball, 6MD, EV 98.1 MPH)
Batting: RHB Heihachiro Fujita 0-0: Ball
1-0: Ball
2-0: Ball
3-0: Called Strike
3-1: Base on Balls
Hideo Okimura to second
Batting: RHB Doug Carter 0-0: Called Strike
0-1: Foul Ball, location: 2F
0-2: Ball
1-2: Ball
2-2: Foul Ball, location: 2F
2-2: SINGLE (Flyball, 3D, EV 91.2 MPH)
Hideo Okimura to third
Heihachiro Fujita to second
Batting: RHB Egidius Kruger 0-0: Ball
1-0: Foul Ball, location: 2F
1-1: Ball
2-1: Fielders Choice at 2nd, 5-4 (Groundball, 56, EV 88.1 MPH)
Hideo Okimura scores
Heihachiro Fujita to third
Batting: RHB David Greene 0-0: Called Strike
0-1: Ball
1-1: Fly out, F9 (Flyball, 9LM, EV 105.6 MPH)
Runner from 3rd tags up, SCORES, throw by RF
Batting: RHB Julian Gregory 0-0: Ball
Egidius Kruger steals 2nd base
1-0: Called Strike
1-1: Ball
2-1: Ground out 6-3 (Groundball, 6, EV 101.9 MPH)
Top of the 4th over - 2 runs, 2 hits, 0 errors, 1 left on base; Clinton 4 - West Michigan 5
BOTTOM OF THE 4TH
West Michigan Whitecaps batting - Pitching for Clinton LumberKings : RHP Ramon Pedroza
Batting: LHB Dave Carlisle 0-0: Ball
1-0: Ball
2-0: Ball
3-0: Called Strike
3-1: Base on Balls
Batting: LHB Jamie Christian 0-0: Swinging Strike
0-1: Foul Ball, location: 2F
0-2: Strikes out swinging
Batting: LHB Brad Gaskill 0-0: Called Strike
0-1: SINGLE (Flyball, 4D, EV 81.2 MPH)
Dave Carlisle to second
Batting: RHB German Quiroga 0-0: Ball
1-0: Ball
2-0: Fly out, F9 (Line Drive, 9D, EV 101.9 MPH)
Batting: RHB Joe Zimmerman 0-0: Ball
1-0: Ball
2-0: Foul Ball, location: 2F
2-1: Ball
3-1: Foul Ball, location: 2F
3-2: SINGLE (Groundball, 56S, EV 75.6 MPH) (infield hit)
Dave Carlisle to third
Brad Gaskill to second
Batting: LHB Steve Herrera 0-0: Ball
1-0: Foul Ball, location: 2F
1-1: Swinging Strike
1-2: Ball
2-2: Strikes out looking
Bottom of the 4th over - 0 runs, 2 hits, 0 errors, 3 left on base; Clinton 4 - West Michigan 5
TOP OF THE 5TH
Clinton LumberKings batting - Pitching for West Michigan Whitecaps : RHP Dale Gilbert
Batting: RHB Ching-hsia Zhang 0-0: Ground out 4-3 (Groundball, 4, EV 86.2 MPH)
Batting: RHB Adan Lake 0-0: Ball
1-0: Ball
2-0: Ball
3-0: Called Strike
3-1: Foul Ball, location: 2F
3-2: Foul Ball, location: 2F
3-2: SINGLE (Line Drive, 9S, EV 108.1 MPH)
Batting: LHB Jason Kinney 0-0: Called Strike
0-1: Called Strike
0-2: Foul Ball, location: 2F
0-2: Strikes out swinging
Batting: RHB Hideo Okimura 0-0: Ball
1-0: Ball
2-0: Ball
3-0: Base on Balls
Adan Lake to second
Pitching: RHP Matt Sturge
Batting: RHB Heihachiro Fujita 0-0: Called Strike
0-1: Swinging Strike
0-2: Ball
1-2: Strikes out looking
Top of the 5th over - 0 runs, 1 hit, 0 errors, 2 left on base; Clinton 4 - West Michigan 5
BOTTOM OF THE 5TH
West Michigan Whitecaps batting - Pitching for Clinton LumberKings : RHP Ramon Pedroza
Batting: RHB Yaremka Rzhevsky 0-0: Called Strike
0-1: Foul Ball, location: 2F
0-2: Strikes out swinging
Batting: SHB Willie Medina 0-0: Ball
1-0: Foul Ball, location: 2F
1-1: SINGLE (Line Drive, 56D, EV 103.1 MPH)
Pitching: RHP Jose Acevedo
Batting: RHB Scott Carr 0-0: Fielders Choice at 2nd, 6-4 (Groundball, 6, EV 80.0 MPH)
Batting: LHB Dave Carlisle 0-0: Called Strike
0-1: Foul Ball, location: 2F
0-2: Ball
1-2: Ball
2-2: Ball
3-2: Base on Balls
Scott Carr to second
Batting: LHB Jamie Christian 0-0: Called Strike
0-1: Ball
1-1: Ball
2-1: Foul Ball, location: 2F
2-2: Ball
Wild Pitch!
Scott Carr to third
Dave Carlisle to second
3-2: Foul Ball, location: 2F
3-2: Foul Ball, location: 2F
3-2: Foul Ball, location: 2F
3-2: Base on Balls
Batting: LHB Brad Gaskill 0-0: Foul Ball, location: 2F
0-1: Called Strike
0-2: Ball
1-2: Strikes out swinging
Bottom of the 5th over - 0 runs, 1 hit, 0 errors, 3 left on base; Clinton 4 - West Michigan 5
TOP OF THE 6TH
Clinton LumberKings batting - Pitching for West Michigan Whitecaps : RHP Matt Sturge
Batting: RHB Doug Carter 0-0: Called Strike
0-1: Ball
1-1: Swinging Strike
1-2: Strikes out swinging
Batting: RHB Egidius Kruger 0-0: SINGLE (Line Drive, 8LS, EV 103.1 MPH)
Batting: RHB David Greene 0-0: Ball
1-0: Called Strike
1-1: Ground out 5-3 (Groundball, 56, EV 93.1 MPH)
Egidius Kruger to second
Batting: RHB Julian Gregory 0-0: Fly out, F8 (Flyball, 8LM, EV 83.8 MPH)
Top of the 6th over - 0 runs, 1 hit, 0 errors, 1 left on base; Clinton 4 - West Michigan 5
BOTTOM OF THE 6TH
West Michigan Whitecaps batting - Pitching for Clinton LumberKings : RHP Jose Acevedo
Batting: RHB German Quiroga 0-0: Called Strike
0-1: Ball
1-1: Ball
2-1: Ball
3-1: Base on Balls
Batting: RHB Joe Zimmerman 0-0: Called Strike
0-1: Called Strike
0-2: Ball
1-2: Strikes out swinging
Batting: LHB Steve Herrera 0-0: Ball
1-0: Called Strike
1-1: Called Strike
1-2: Strikes out looking
Pitching: RHP Bill Porter
Batting: RHB Yaremka Rzhevsky 0-0: Hit by Pitch
German Quiroga to second
Batting: SHB Willie Medina 0-0: Called Strike
0-1: Ball
1-1: Called Strike
1-2: Ball
2-2: Ball
3-2: Base on Balls
German Quiroga to third
Yaremka Rzhevsky to second
Batting: RHB Scott Carr 0-0: Foul Ball, location: 2F
0-1: Ball
1-1: Foul Ball, location: 2F
1-2: Hit by Pitch
German Quiroga scores
Yaremka Rzhevsky to third
Willie Medina to second
Batting: LHB Dave Carlisle 0-0: Ball
1-0: Ball
2-0: Ball
3-0: Base on Balls
Yaremka Rzhevsky scores
Willie Medina to third
Scott Carr to second
Batting: LHB Jamie Christian 0-0: Ball
1-0: Ground out 4-3 (Groundball, 4, EV 83.8 MPH)
Bottom of the 6th over - 2 runs, 0 hits, 0 errors, 3 left on base; Clinton 4 - West Michigan 7
TOP OF THE 7TH
Clinton LumberKings batting - Pitching for West Michigan Whitecaps : RHP Matt Sturge
Batting: RHB Ching-hsia Zhang 0-0: Ball
1-0: Reached on error, E6 (Groundball, 6D, EV 101.2 MPH)
Batting: RHB Adan Lake 0-0: Ground out 5-3 (Groundball, 56S, EV 93.1 MPH)
Batting: LHB Jason Kinney 0-0: Foul Ball, location: 2F
0-1: Ball
1-1: SINGLE (Line Drive, 4MD, EV 98.1 MPH)
Ching-hsia Zhang to third
Runner from 3rd tries for Home, SAFE, throw by CF to home
Batting: RHB Hideo Okimura 0-0: Ball
1-0: Called Strike
1-1: Foul Ball, location: 2F
1-2: TRIPLE (Line Drive, 9D, EV 108.8 MPH)
Jason Kinney scores
Batting: RHB Heihachiro Fujita 0-0: SINGLE (Line Drive, 6M, EV 97.5 MPH)
Hideo Okimura scores
Batting: RHB Doug Carter 0-0: Ball
1-0: Ball
2-0: SINGLE (Groundball, 34D, EV 94.4 MPH)
Heihachiro Fujita to second
Runner from 2nd tries for 3rd, SAFE, throw by RF made to third
Batting: RHB Egidius Kruger 0-0: Ball
Doug Carter steals 2nd, throwing error, E2
Heihachiro Fujita scores
Doug Carter to third
1-0: Intentional Walk
Pitching: RHP Juan Cornejo
Batting: RHB David Greene 0-0: Ball
1-0: Called Strike
1-1: Foul Ball, location: 2F
1-2: Ball
2-2: Ball
3-2: Foul Ball, location: 2F
3-2: Strikes out swinging
Batting: RHB Julian Gregory 0-0: Ball
1-0: Called Strike
1-1: Foul Ball, location: 2F
1-2: Ball
2-2: Foul Ball, location: 2F
2-2: Ball
3-2: Strikes out looking
Top of the 7th over - 4 runs, 4 hits, 2 errors, 2 left on base; Clinton 8 - West Michigan 7
BOTTOM OF THE 7TH
West Michigan Whitecaps batting - Pitching for Clinton LumberKings : RHP Bill Porter
Batting: LHB Brad Gaskill 0-0: Called Strike
0-1: Ball
1-1: Called Strike
1-2: Strikes out looking
Batting: RHB German Quiroga 0-0: Called Strike
0-1: Ground out 6-3 (Groundball, 6, EV 86.2 MPH)
Batting: RHB Joe Zimmerman 0-0: Ball
1-0: Called Strike
1-1: Ball
2-1: Ball
3-1: Foul Ball, location: 2F
3-2: Foul Ball, location: 2F
3-2: Strikes out swinging
Bottom of the 7th over - 0 runs, 0 hits, 0 errors, 0 left on base; Clinton 8 - West Michigan 7
TOP OF THE 8TH
Clinton LumberKings batting - Pitching for West Michigan Whitecaps : RHP Juan Cornejo
Batting: RHB Ching-hsia Zhang 0-0: Ball
1-0: Called Strike
1-1: Called Strike
1-2: Ball
2-2: Strikes out swinging
Batting: RHB Adan Lake 0-0: Called Strike
0-1: Swinging Strike
0-2: Ball
1-2: Strikes out swinging
Batting: LHB Jason Kinney 0-0: Called Strike
0-1: Swinging Strike
0-2: Ball
1-2: Strikes out looking
Top of the 8th over - 0 runs, 0 hits, 0 errors, 0 left on base; Clinton 8 - West Michigan 7
BOTTOM OF THE 8TH
West Michigan Whitecaps batting - Pitching for Clinton LumberKings : RHP Bill Porter
Pitching: RHP Bob Gilliam
Batting: LHB Steve Herrera 0-0: Swinging Strike
0-1: Hit by Pitch
Pinch Hitting: LHB Jon Pedlar 0-0: Called Strike
0-1: SINGLE (Line Drive, 7LD, EV 107.5 MPH)
Steve Herrera to second
Batting: SHB Willie Medina 0-0: Called Strike
0-1: Fly out, F9 (Flyball, 9LS, EV 93.1 MPH)
Batting: RHB Scott Carr 0-0: Called Strike
0-1: Called Strike
0-2: Ball
1-2: Strikes out looking
Batting: LHB Dave Carlisle 0-0: Ball
1-0: Foul Ball, location: 2F
1-1: Foul Ball, location: 2F
1-2: Foul Ball, location: 2F
1-2: Ball
2-2: Ball
3-2: Fly out, F4 (Popup, 4, EV 52.5 MPH)
Bottom of the 8th over - 0 runs, 1 hit, 0 errors, 2 left on base; Clinton 8 - West Michigan 7
TOP OF THE 9TH
Clinton LumberKings batting - Pitching for West Michigan Whitecaps : RHP Juan Cornejo
Pitching: RHP Tony Kepp
Now at SS: Ryohei Nakano
Batting: RHB Hideo Okimura 0-0: Foul Ball, location: 2F
0-1: Ball
1-1: Ball
2-1: DOUBLE (Line Drive, 7LS, EV 98.1 MPH)
Batting: RHB Heihachiro Fujita 0-0: Called Strike
0-1: Swinging Strike
0-2: Ball
1-2: Strikes out swinging
Batting: RHB Doug Carter 0-0: Intentional Walk
Batting: RHB Egidius Kruger 0-0: Ball
1-0: Foul Ball, location: 2F
1-1: Foul Ball, location: 2F
1-2: Ball
2-2: Foul Ball, location: 2F
2-2: Ball
3-2: Fly out, F7 (Flyball, 7D, EV 88.1 MPH)
Runner from 2nd tags up, SAFE at 3rd, no throw by LF
Batting: RHB David Greene 0-0: Ball
1-0: Called Strike
1-1: Ball
2-1: SINGLE (Groundball, 6MD, EV 103.1 MPH) (infield hit)
Hideo Okimura scores
Doug Carter to second
Batting: RHB Julian Gregory 0-0: Ball
1-0: DOUBLE (Groundball, 5L, EV 106.2 MPH)
Doug Carter scores
David Greene to third
Runner from 3rd tries for Home, SAFE, throw by LF to home
Pitching: LHP Chris Thomas
Batting: RHB Ching-hsia Zhang 0-0: Foul Ball, location: 2F
0-1: Foul Ball, location: 2F
0-2: Ball
1-2: Ball
2-2: Ball
3-2: Foul Ball, location: 2F
3-2: Ground out 5-3 (Groundball, 5S, EV 68.1 MPH)
Top of the 9th over - 3 runs, 3 hits, 0 errors, 1 left on base; Clinton 11 - West Michigan 7
BOTTOM OF THE 9TH
West Michigan Whitecaps batting - Pitching for Clinton LumberKings : RHP Bob Gilliam
Pitching: RHP Kieran Easton
Batting: LHB Jamie Christian 0-0: Swinging Strike
0-1: Ball
1-1: Fly out, F7 (Flyball, 7, EV 73.8 MPH)
Batting: LHB Brad Gaskill 0-0: Ball
1-0: Called Strike
1-1: Ball
2-1: Foul Ball, location: 2F
2-2: Foul Ball, location: 2F
2-2: Foul Ball, location: 2F
2-2: Strikes out swinging
Batting: RHB German Quiroga 0-0: Ball
1-0: Swinging Strike
1-1: Swinging Strike
1-2: Ball
2-2: Foul Ball, location: 2F
2-2: Ball
3-2: Base on Balls
Batting: RHB Joe Zimmerman 0-0: Foul Ball, location: 2F
0-1: Ball
1-1: Ball
2-1: Ground out 5-3 (Groundball, 15, EV 90.0 MPH)
Bottom of the 9th over - 0 runs, 0 hits, 0 errors, 1 left on base; Clinton 11 - West Michigan 7
Thursday, December 15th , 2022 - OOTP Baseball 23.9 Build 102